 Dungeon Crawl Stone Soup version 0.29.1-15-g9cfb28693d (webtiles) character file.

Game seed: 6941088376912629021

225142 growler the Sensei (level 18, 0/229 HPs)
             Began as a Merfolk Transmuter on Mar 17, 2023.
             Was the Champion of Wu Jian.
             Slain by a deep troll (10 damage)
             ... led by an ironbound preserver
             ... on level 1 of the Vaults.
             The game lasted 01:57:10 (44421 turns).

growler the Sensei (Merfolk Transmuter)            Turns: 44421, Time: 01:57:10

Health: 0/229      AC: 12    Str: 23    XL:     18   Next: 84%
Magic:  19/24      EV: 24    Int: 20    God:    Wu Jian [******]
Gold:   2003       SH:  5    Dex: 19    Spells: 3/25 levels left

rFire   + + +      SeeInvis .     - Unarmed
rCold   + . .      Faith    .   (shield currently unavailable)
rNeg    . . .      Spirit   .   P - +2 leather armour {rC+ rF+}
rPois   +          Reflect  +   R - +1 helmet "Uchy" {rPois Str+9}
rElec   .          Harm     .   c - +2 cloak
rCorr   +          Rampage  .   (gloves currently unavailable)
Will    ++...                   y - +1 pair of boots "Wuemanuh" {+Inv rF++ rC- rCorr}
Stlth   ..........              h - amulet of reflection
HPRegen 0.48/turn               p - ring of Vyqotive {Will+ Int+6}
MPRegen 0.19/turn               L - +4 ring of evasion

@: berserking, blade hands, studying Dodging, very quick
A: (nimble swimmer 2), mertail, agile 1, cold resistance 1
}: 2/15 runes: decaying, serpentine
a: End Transformation, Renounce Religion, Evoke Invisibility, Wall Jump,
Serpent's Lash, Heavenly Storm


You were on level 1 of the Vaults.
You worshipped Wu Jian.
Wu Jian was exalted by your worship.
You had blades for hands.
You visited 6 branches of the dungeon, and saw 31 of its levels.
You visited 1 bazaar.
You also visited: Bailey, Gauntlet and Ice Cave.

You collected 4235 gold pieces.
You spent 2232 gold pieces at shops.

Inventory:

Missiles
 s - 9 silver javelins
 M - 3 throwing nets
 W - 12 javelins (quivered)
Armour
 a - a +1 pair of gloves of strength (melded)
 c - a +2 cloak (worn)
 y - the +1 pair of boots "Wuemanuh" (worn) {+Inv rF++ rC- rCorr}
   (You acquired it on level 3 of the Snake Pit)

   rF:        It greatly protects you from fire.
   rC:        It makes you vulnerable to cold.
   +Inv:      It lets you turn invisible.
   rCorr:     It protects you from acid and corrosion.
 F - a +2 pair of boots
 G - a +0 cloak of preservation
 P - a +2 leather armour of resistance (worn)
 R - the +1 helmet "Uchy" (worn) {rPois Str+9}
   (You bought it in a shop on level 3 of the Dungeon)

   Str:       It affects your strength (+9).
   rPois:     It protects you from poison.
Jewellery
 f - a +4 ring of protection
 h - an amulet of reflection (around neck)
 p - the ring of Vyqotive (left blade hand) {Will+ Int+6}
   (You acquired it on level 1 of the Snake Pit)

   [ring of intelligence]

   Int:       It affects your intelligence (+6).
   Will:      It increases your willpower.
 w - a ring of protection from cold
 C - a ring of resist corrosion
 E - a ring of flight
 L - a +4 ring of evasion (right blade hand)
 T - the ring "Doto Vomm" {rN+++ Will- rCorr Int-2 Dex+7}
   (You found it on level 1 of the Vaults)

   [ring of resist corrosion]

   Int:       It affects your intelligence (-2).
   Dex:       It affects your dexterity (+7).
   rN:        It renders you almost immune to negative energy.
   rCorr:     It protects you from acid and corrosion.
   Will:      It decreases your willpower.
 Z - the ring of Xidufougui {rF++ rC- rN+ Str+6}
   (You found it in a Gauntlet)

   [ring of strength]

   Str:       It affects your strength (+6).
   rF:        It greatly protects you from fire.
   rC:        It makes you vulnerable to cold.
   rN:        It protects you from negative energy.
Wands
 n - a wand of charming (26)
 o - a wand of acid (21)
 r - a wand of flame (15)
 v - a wand of mindburst (56)
 X - a wand of iceblast (20)
 Y - a wand of polymorph (6)
Scrolls
 d - 5 scrolls of magic mapping
 e - 13 scrolls of teleportation
 g - 6 scrolls of vulnerability
 k - 6 scrolls of poison
 l - 6 scrolls of fear
 m - 6 scrolls of amnesia
 t - 2 scrolls of silence
 x - 6 scrolls of fog
 B - 4 scrolls of blinking
 D - 4 scrolls of enchant armour
 H - 4 scrolls of immolation
 I - a scroll of enchant weapon
 J - 6 scrolls of identify
 S - 2 scrolls of torment
Potions
 b - 8 potions of lignification
 i - 21 potions of curing
 j - 3 potions of invisibility
 q - 11 potions of flight
 u - 4 potions of magic
 z - 8 potions of mutation
 A - 8 potions of brilliance
 K - a potion of haste
 N - a potion of cancellation
 O - a potion of berserk rage
 Q - 2 potions of heal wounds
 U - 2 potions of might
 V - 4 potions of ambrosia


   Skills:
 + Level 16.8 Fighting
 - Level 10.0 Throwing
 + Level 13.0 Dodging
 - Level 6.0 Stealth
 + Level 23.3 Unarmed Combat
 - Level 4.0 Spellcasting
 - Level 18.0 Transmutations
 - Level 5.0 Ice Magic
 + Level 5.0 Evocations


You had 3 spell levels left.
You knew the following spells:

 Your Spells              Type           Power      Damage    Failure   Level
a - Beastly Appendage     Tmut           100%       N/A       3%          1
b - Wereblood             Tmut           66%        N/A       3%          2
c - Spider Form           Tmut/Pois      40%        N/A       16%         3
d - Ice Form              Ice/Tmut       50%        N/A       17%         4
e - Blade Hands           Tmut           33%        N/A       10%         5
f - Dragon Form           Tmut           33%        N/A       41%         7

Your spell library contained the following spells:

 Spells                   Type           Power      Damage    Failure   Level
 Passwall                 Tmut/Erth      33%        N/A       12%         2
 Ensorcelled Hibernation  Hex/Ice        28%        N/A       41%         2
 Sandblast                Erth           8%         2d5       54%         1
 Slow                     Hex            16%        N/A       54%         1
 Static Discharge         Conj/Air       4%         3-4/arc   65%         2
 Confusing Touch          Hex            4%         N/A       82%         3
 Portal Projectile        Hex/Tloc       8%         N/A       82%         3
 Stone Arrow              Conj/Erth      8%         3d7       82%         3
 Summon Guardian Golem    Hex/Summ       4%         N/A       82%         3
 Tukima's Dance           Hex            4%         N/A       82%         3
 Vampiric Draining        Necr           4%         2d6       82%         3
 Petrify                  Tmut/Erth      40%        N/A       28%         4
 Irradiate                Conj/Tmut      20%        3d18      45%         5
 Summon Ice Beast         Ice/Summ       14%        N/A       85%         4
 Statue Form              Tmut/Erth      26%        N/A       87%         6
 Animate Armour           Summ/Erth      8%         N/A       98%         4
 Fulminant Prism          Conj/Hex       2%         3d6       98%         4
 Iskenderun's Mystic Bla  Conj/Tloc      4%         2d3       98%         4
 Passage of Golubria      Tloc           4%         N/A       98%         4
 Metabolic Englaciation   Hex/Ice        7%         N/A       98%         5
 Fireball                 Conj/Fire      2%         3d4       100%        5
 Lee's Rapid Deconstruct  Erth           2%         3d5*      100%        5
 Silence                  Hex/Air        2%         N/A       100%        5
 Summon Mana Viper        Hex/Summ       4%         N/A       100%        5
 Dispersal                Tloc           2%         N/A       100%        6
 Starburst                Conj/Fire      2%         6d3       100%        6
 Monstrous Menagerie      Summ           2%         N/A       100%        7
 Orb of Destruction       Conj           2%         9d5       100%        7
 Spellforged Servitor     Conj/Summ      2%         N/A       100%        7
 Disjunction              Tloc           2%         N/A       100%        8
 Ignition                 Fire           2%         3d3       100%        8
 Lehudib's Crystal Spear  Conj/Erth      2%         10d2      100%        8
 Fire Storm               Conj/Fire      2%         8d1       100%        9


Dungeon Overview and Level Annotations

Branches:
Dungeon (15/15)            Temple (0/1) D:7            Lair (5/5) D:8
  Swamp (4/4) Lair:3        Snake (4/4) Lair:3        Slime (0/5) Lair:5
    Orc (2/2) D:11            Elf (0/3) Orc:2        Vaults (1/5) D:13
 Bailey (visited)           IceCv (visited)         Gauntlet (visited)
 Depths: D:15

Altars:
Ashenzari
Cheibriados
Dithmenos
Fedhas
Gozag
Ru
Sif Muna
Trog
Vehumet
Wu Jian
Yredelemnul
Zin
Jiyva

Shops:
D:2 :![[   D:3 ?*(:   D:5 *   Orc:1 (   Orc:2 *:[*!   Snake:1 :

Annotations:
D:5 3 runed translucent doors, GigaChad's ghost, amateur MiGl; Sanktem7's ghost, novice MiFi; croobank's ghost, weakling OpDe
Snake:2 1 runed translucent door, Ugraummis's ghost, adept MiBe


Innate Abilities, Weirdness & Mutations

You have blades for hands.
Your spellcasting is less reliable in this form.
You are incapable of wielding weapons or throwing items.
((You are very nimble when in or above water. (Stealth+, EV+, Speed+++)))
Your lower body shifts to a powerful aquatic tail in water.
You are agile. (Dex +4, Str/Int -1)
Your flesh is cold resistant. (rC+)


Message History

The vault warden is moderately wounded.
You block the deep troll's attack. The deep troll closely misses you.
The deep troll completely misses you. The vault warden closely misses you.
The vault warden blocks your attack. x2
The vault warden is moderately wounded.
You shred the vault warden!!!
The vault warden is severely wounded.
The deep troll closely misses you. The deep troll completely misses you.
You block the deep troll's attack.
The vault warden hits you with a +2 long sword.
You slice the vault warden!!
The vault warden is severely wounded.
The vault warden blocks your attack.
The vault warden is severely wounded.
The deep troll completely misses you.
The deep troll claws you but does no damage.
The deep troll completely misses you. The vault warden completely misses you.
The vault warden blocks your attack.
The vault warden is severely wounded.
The vault warden blocks your attack.
You slash the vault warden.
The vault warden is severely wounded.
The vault warden hits you with a +2 long sword!
The deep troll bites you but does no damage.
The deep troll claws you!
* * * LOW HITPOINT WARNING * * *
The deep troll claws you.
* * * LOW HITPOINT WARNING * * *
A red film seems to cover your vision as you go berserk!
You feel yourself moving faster!
You feel mighty!
The vault warden hits you with a +2 long sword!!
* * * LOW HITPOINT WARNING * * *
The deep troll bites you!
* * * LOW HITPOINT WARNING * * *
The deep troll misses you. The deep troll closely misses you.
The vault warden blocks your attack.
The vault warden is severely wounded.
The vault warden blocks your attack.
The vault warden is severely wounded.
The deep troll bites you!
You die...

#..# #))#
###.)###
##.#..#.##
#........#
###..).###
###+##
#####p#####
#...+@Tp..#
#.#.###.#.#
... ... #+#
#+# ..# ##


You could see an ironbound preserver, a vault warden and a deep troll.

Vanquished Creatures
  3 thorn hunters (Swamp:4)
  Kirke (Lair:5)
  A fenstrider witch (Swamp:4)
  7 nagarajas
  A hydra zombie (Swamp:4)
  3 vault wardens (Vaults:1)
  A ghoul (Swamp:3)
  Aizul (Snake:4)
  A quicksilver ooze (Gauntlet)
  2 ironbound thunderhulks (Vaults:1)
  2 vampire knights (Swamp:4)
  Nessos (D:15)
  2 bunyips
  Azrael (D:12)
  A minotaur (Gauntlet)
  A fire dragon (Lair:5)
  Snorg (Orc:2)
  Josephine (Orc:1)
  2 shambling mangroves
  Harold (Lair:2)
  2 salamander tyrants (Snake:4)
  10 vault guards
  2 catoblepae
  A great orb of eyes (Vaults:1)
  Erolcha (D:9)
  2 ghost crabs
  2 boulder beetles
  14 hydras
  5 centaur warriors
  A death knight (D:15)
  A spriggan air mage (Swamp:2)
  5 two-headed ogres
  14 anacondas
  3 ironbound frosthearts (Vaults:1)
  16 naga warriors
  5 alligators
  6 shock serpents
  2 spriggan berserkers (Swamp:2)
  Urug (Lair:1)
  16 naga sharpshooters
  24 spriggans
  6 salamander mystics (Snake:4)
  A sixfirhy (Gauntlet)
  3 goliath frogs
  2 flayed ghosts (Swamp:4)
  7 spriggan druids
  3 spectral hydras (Swamp:4)
  8 naga ritualists
  6 swamp dragons
  6 bog bodies
  An ironbound convoker (Vaults:1)
  2 lindwurms (Vaults:1)
  3 orc knights
  A necromancer (IceCv)
  A deep elf pyromancer (D:12)
  2 orc sorcerers
  4 cyclopes
  4 ugly things (D:15)
  A wolf spider (Lair:4)
  6 mana vipers
  14 salamanders
  Maurice (D:9)
  2 manticores (D:14)
  4 elephants (Lair:5)
  3 oklob plants (Swamp:4)
  Joseph (D:10)
  15 naga magi
  2 ice statues (IceCv)
  2 molten gargoyles (D:14)
  3 will-o-the-wisps
  2 guardian serpents (Snake:4)
  A vault sentinel (Vaults:1)
  34 black mambas
  6 cane toads
  A smoke demon (Gauntlet)
  A torpor snail (Lair:5)
  Maggie (D:9)
  A kobold demonologist (D:11)
  2 efreet
  4 rime drakes
  12 komodo dragons
  4 yaktaurs (Vaults:1)
  5 anaconda simulacra (IceCv)
  4 freezing wraiths
  5 trolls
  2 bloated husks
  4 death drake zombies (Swamp:4)
  7 ice devils
  3 meliai (D:15)
  3 hydra skeletons (Swamp:4)
  6 tyrant leeches
  A blink frog (shapeshifter) (D:14)
  15 hornets
  14 blink frogs
  9 slime creatures
  A vampire (D:14)
  7 wyverns
  Sigmund (D:2)
  7 wraiths
  A dire elephant simulacrum (IceCv)
  2 shadows
  23 yaks
  4 fire elementals
  3 hogs (Lair:5)
  Grum (D:8)
  4 basilisks
  5 steam dragons
  4 wargs
  17 vampire mosquitoes
  19 swamp worms
  A harpy simulacrum (IceCv)
  37 nagas
  6 hydra simulacra
  5 acid dragons
  17 water moccasins
  2 hell hounds (D:12)
  8 swamp drakes
  3 sky beasts
  31 orc warriors
  A black bear (D:8)
  A swamp dragon zombie (Swamp:4)
  24 wolves
  21 centaurs
  11 ogres
  2 phantoms
  5 kobold brigands
  8 bullfrogs
  4 scorpions
  2 necrophages (D:7)
  8 wights
  2 cane toad simulacra (IceCv)
  4 killer bees
  An elephant simulacrum (IceCv)
  A howler monkey (D:12)
  5 lava snakes (D:14)
  4 crimson imps (Gauntlet)
  2 hounds
  2 jellies
  A gnoll bouda (Orc:2)
  11 orc priests
  6 iguanas
  20 orc wizards
  Natasha (thrice) (D:4)
  2 troll simulacra (IceCv)
  4 gnolls (Orc:2)
  6 adders
  2 shadow imps (D:8)
  A white imp (D:5)
  6 ufetubi
  2 worms (D:2)
  5 dart slugs
  52 orcs
  6 ball pythons
  9 endoplasms
  4 giant cockroaches
  11 goblins
  10 hobgoblins
  4 jackals (D:2)
  10 kobolds
  7 quokkas
  6 bats
  3 frilled lizards
  4 rats
  3 briar patches (Swamp:4)
943 creatures vanquished.

Vanquished Creatures (others)
  An alligator (Swamp:4)
  A hog (Lair:5)
  2 briar patches (Swamp:4)
  4 foxfires
  23 fungi
  63 plants
94 creatures vanquished.

Grand Total: 1037 creatures vanquished

Notes
Turn   | Place    | Note
-------+----------+-------------------------------------------
     0 | D:1      | growler the Merfolk Transmuter began the quest for the Orb.
     0 | D:1      | Reached XP level 1. HP: 15/15 MP: 3/3
    81 | D:1      | Found a faded altar of an unknown god.
   272 | D:1      | Reached XP level 2. HP: 18/21 MP: 3/5
   279 | D:1      | Learned a level 2 spell: Wereblood
   900 | D:1      | Reached XP level 3. HP: 25/26 MP: 2/6
  1010 | D:1      | Learned a level 3 spell: Spider Form
  1478 | D:2      | Found Tawut's Antique Armour Boutique.
  1506 | D:2      | Noticed Sigmund
  1518 | D:2      | Gained mutation: You occasionally lose the ability to read
                  | scrolls when taking damage. [potion of mutation]
  1519 | D:2      | Killed Sigmund
  1520 | D:2      | Reached skill level 5 in Unarmed Combat
  1520 | D:2      | Reached XP level 4. HP: 22/32 MP: 1/8
  1520 | D:2      | Reached XP level 5. HP: 25/37 MP: 1/9
  1873 | D:2      | Learned a level 4 spell: Ice Form
  1882 | D:2      | Found Emnomnerix's Antique Armour Emporium.
  1962 | D:2      | Found Jowuabba's Book Shop.
  1987 | D:2      | Found Imiq's Distillery.
  2007 | D:2      | Reached skill level 6 in Unarmed Combat
  2012 | D:2      | Reached XP level 6. HP: 43/43 MP: 10/10
  2353 | D:3      | Found Nyprem's Book Shop.
  2504 | D:3      | Found Tugolysh's Weapon Emporium.
  2653 | D:3      | Found Mirefig's General Store.
  3159 | D:3      | Found Ehaah's Magic Scroll Shoppe.
  3255 | D:4      | Found a basalt altar of Yredelemnul.
  3472 | D:4      | Reached skill level 7 in Unarmed Combat
  3517 | D:4      | Noticed Natasha
  3523 | D:4      | Killed Natasha
  3524 | D:4      | Reached XP level 7. HP: 43/48 MP: 7/11
  3651 | D:4      | Noticed Natasha
  3670 | D:4      | Killed Natasha
  3758 | D:4      | Reached skill level 8 in Unarmed Combat
  3828 | D:4      | Noticed Natasha
  3833 | D:4      | Killed Natasha
  3902 | D:5      | Entered Level 5 of the Dungeon
  4068 | D:4      | Reached skill level 9 in Unarmed Combat
  4359 | D:5      | Found an ornate altar of the Wu Jian Council.
  4375 | D:5      | Became a worshipper of the Wu Jian Council
  4389 | D:5      | Found Tolipa's General Store.
  4397 | D:5      | Found a runed translucent gate.
  4398 | D:5      | Found a runed translucent gate.
  4398 | D:5      | Found a runed translucent gate.
  4467 | D:5      | Noticed GigaChad's ghost (amateur MiGl)
  4467 | D:5      | Noticed Sanktem7's ghost (novice MiFi)
  4467 | D:5      | Noticed croobank's ghost (weakling OpDe)
  4502 | D:5      | Reached XP level 8. HP: 39/54 MP: 10/12
  4727 | D:5      | Lost mutation: You occasionally lose the ability to read
                  | scrolls when taking damage. [potion of mutation]
  4727 | D:5      | Gained mutation: You are agile. (Dex +4, Str/Int -1)
                  | [potion of mutation]
  4727 | D:5      | Gained mutation: Your muscles are strong. (Str +4, Int/Dex
                  | -1) [potion of mutation]
  4727 | D:5      | Lost mutation: Your muscles are strong. (Str +4, Int/Dex
                  | -1) [potion of mutation]
  4727 | D:5      | Gained mutation: Your flesh is cold resistant. (rC+)
                  | [potion of mutation]
  5203 | D:6      | Reached skill level 10 in Unarmed Combat
  5239 | D:6      | Found a blossoming altar of Fedhas.
  5678 | D:6      | Reached skill level 1 in Ice Magic
  6156 | D:7      | Found a staircase to the Ecumenical Temple.
  6295 | D:7      | Found a flagged portal.
  6322 | Bailey   | Entered a bailey
  6345 | Bailey   | Reached skill level 5 in Transmutations
  6423 | Bailey   | Reached XP level 9. HP: 12/63 MP: 9/14
  6712 | D:7      | Reached * piety under Wu Jian
  6924 | D:7      | Found an opulent altar of Gozag.
  7254 | D:8      | Found the +7 Kryia's mail coat {PotionHeal*2 rC+}
  7542 | D:8      | Noticed a two-headed ogre
  7904 | D:8      | Reached skill level 11 in Unarmed Combat
  7907 | D:8      | Reached skill level 5 in Fighting
  7908 | D:8      | Found a staircase to the Lair.
  7918 | D:8      | Reached skill level 5 in Ice Magic
  7925 | D:8      | Reached XP level 10. HP: 66/76 MP: 5/16
  7984 | D:8      | Reached skill level 12 in Unarmed Combat
  8226 | D:8      | Noticed Grum
  8238 | D:8      | Killed Grum
  8347 | D:8      | Found a broken altar of Ashenzari.
  8814 | D:8      | Killed a two-headed ogre
  8814 | D:8      | Reached ** piety under Wu Jian
  8815 | D:8      | Reached skill level 13 in Unarmed Combat
  9023 | D:8      | Found a sacrificial altar of Ru.
  9305 | D:8      | Learned a level 5 spell: Blade Hands
  9317 | D:9      | Noticed Erolcha
  9322 | D:9      | Killed Erolcha
  9323 | D:9      | Reached skill level 1 in Stealth
  9323 | D:9      | Reached XP level 11. HP: 89/89 MP: 12/17
  9386 | D:9      | Noticed Maggie
  9400 | D:9      | Killed Maggie
 10231 | D:9      | Noticed a two-headed ogre
 10237 | D:9      | Killed a two-headed ogre
 10319 | D:9      | Reached skill level 5 in Dodging
 10398 | D:9      | Noticed Maurice
 10414 | D:9      | Killed Maurice
 10570 | D:9      | Noticed a two-headed ogre
 10576 | D:9      | Killed a two-headed ogre
 10625 | D:9      | Noticed a two-headed ogre
 10634 | D:9      | Killed a two-headed ogre
 10635 | D:9      | Reached skill level 10 in Fighting
 11094 | D:10     | Entered Level 10 of the Dungeon
 11108 | D:10     | Found a glowing silver altar of Zin.
 11130 | D:10     | Found a radiant altar of Vehumet.
 11139 | D:10     | Noticed Joseph
 11153 | D:10     | Killed Joseph
 11756 | D:10     | Reached skill level 5 in Stealth
 11805 | D:10     | Reached skill level 14 in Unarmed Combat
 11883 | D:10     | Reached *** piety under Wu Jian
 12578 | D:11     | Noticed an eight-headed hydra
 12585 | D:11     | Killed an eight-headed hydra
 12586 | D:11     | Reached XP level 12. HP: 77/99 MP: 9/18
 12720 | D:11     | Noticed a two-headed ogre
 12726 | D:11     | Killed a two-headed ogre
 12813 | D:11     | Found a staircase to the Orcish Mines.
 12935 | D:11     | Found a shimmering blue altar of Sif Muna.
 13680 | Lair:1   | Entered Level 1 of the Lair of Beasts
 14085 | Lair:1   | Noticed Urug
 14110 | Lair:1   | Reached skill level 15 in Unarmed Combat
 14117 | Lair:1   | Killed Urug
 14547 | Lair:1   | Reached **** piety under Wu Jian
 15063 | Lair:2   | Reached XP level 13. HP: 109/109 MP: 19/19
 15112 | Lair:2   | Noticed Harold
 15123 | Lair:2   | Killed Harold
 15933 | Lair:3   | Found a staircase to the Swamp.
 15985 | Lair:3   | Found a frozen archway.
 16002 | IceCv    | Entered an ice cave
 16020 | IceCv    | Reached skill level 16 in Unarmed Combat
 16752 | Lair:3   | Found a staircase to the Snake Pit.
 17273 | D:3      | Bought the +1 helmet "Uchy" {rPois Str+9} for 514 gold
                  | pieces
 18139 | Lair:4   | Reached ***** piety under Wu Jian
 18675 | Lair:5   | Entered Level 5 of the Lair of Beasts
 18695 | Lair:5   | Reached skill level 10 in Transmutations
 18733 | Lair:5   | Reached skill level 17 in Unarmed Combat
 18733 | Lair:5   | Reached XP level 14. HP: 51/121 MP: 20/20
 19085 | Lair:5   | Found a viscous altar of Jiyva.
 19085 | Lair:5   | Found a staircase to the Slime Pits.
 19874 | Lair:5   | Noticed Kirke
 19888 | Lair:5   | Killed Kirke
 19889 | Lair:5   | Reached skill level 15 in Fighting
 20468 | Orc:1    | Entered Level 1 of the Orcish Mines
 20470 | Orc:1    | Noticed Josephine
 20478 | Orc:1    | Killed Josephine
 20627 | Orc:1    | Found Lyplis's Weapon Shop.
 21012 | Orc:2    | Entered Level 2 of the Orcish Mines
 21012 | Orc:2    | Found a staircase to the Elven Halls.
 21021 | Orc:2    | Found Gig Ziac's Distillery.
 21359 | Orc:2    | Noticed Snorg
 21364 | Orc:2    | Killed Snorg
 21365 | Orc:2    | Reached skill level 18 in Unarmed Combat
 22079 | Orc:2    | Found Dekix's Book Shop.
 22079 | Orc:2    | Found Zoicueco's Armour Shoppe.
 22081 | Orc:2    | Found Vuxt's General Store.
 22083 | Orc:2    | Found Plog's General Store.
 22124 | Orc:2    | Reached ****** piety under Wu Jian
 22441 | Orc:2    | Bought 6 silver javelins for 158 gold pieces
 22808 | D:12     | Noticed Azrael
 22810 | D:12     | Found a gate leading to a gauntlet.
 22822 | D:12     | Killed Azrael
 22832 | D:12     | Reached skill level 1 in Throwing
 22848 | D:12     | Found a flickering gateway to a bazaar.
 22858 | Bazaar   | Entered a bazaar
 22987 | Bazaar   | Found Huggaoqu's Jewellery Shoppe.
 22991 | Bazaar   | Found Leuless's Distillery.
 22995 | Bazaar   | Found Gauju's Armour Emporium.
 23022 | Bazaar   | Found Guacsau's Weapon Shoppe.
 23029 | Bazaar   | Found Sirob's Book Boutique.
 23037 | Bazaar   | Bought a book of Transfigurations for 360 gold pieces
 23081 | Gauntlet | Entered a Gauntlet
 23081 | Gauntlet | Found a transporter.
 23087 | Gauntlet | Found a runed translucent door.
 23091 | Gauntlet | Found a transporter.
 23104 | Gauntlet | Found a transporter.
 23105 | Gauntlet | Found a transporter.
 23115 | Gauntlet | Found a transporter.
 23133 | Gauntlet | Found a transporter.
 23140 | Gauntlet | Noticed a quicksilver ooze
 23147 | Gauntlet | Found a transporter.
 23155 | Gauntlet | Found a transporter.
 23174 | Gauntlet | Found a transporter.
 23188 | Gauntlet | Found a transporter.
 23188 | Gauntlet | Found a transporter.
 23198 | Gauntlet | Found a transporter.
 23236 | Gauntlet | Found a transporter.
 23253 | Gauntlet | Found a transporter.
 23319 | Gauntlet | Noticed an entropy weaver
 23529 | Gauntlet | Killed a quicksilver ooze
 23532 | Gauntlet | Identified the ring of Xidufougui {rF++ rC- rN+ Str+6}
 23629 | Gauntlet | Identified the +2 ring mail of the Baleful God {rElec rPois
                  | Stlth+}
 23632 | Gauntlet | Got Necav's Catalogue of Battle Magic
 23650 | Gauntlet | Got Sif Muna's Grimoire of the Oath
 24648 | D:13     | Identified a scroll of acquirement
 24649 | D:13     | Acquired 722 gold pieces
 24855 | D:13     | Reached XP level 15. HP: 131/131 MP: 15/21
 25065 | D:13     | Found a gate to the Vaults.
 25077 | D:13     | Reached skill level 19 in Unarmed Combat
 25082 | D:13     | Reached skill level 5 in Throwing
 26099 | D:14     | Found a shadowy altar of Dithmenos.
 26794 | D:15     | Entered Level 15 of the Dungeon
 28139 | D:15     | Noticed Nessos
 28147 | D:15     | Killed Nessos
 28522 | Swamp:1  | Entered Level 1 of the Swamp
 28947 | Swamp:1  | Found a snail-covered altar of Cheibriados.
 29517 | Swamp:2  | Reached skill level 20 in Unarmed Combat
 30067 | Swamp:2  | Reached XP level 16. HP: 123/138 MP: 16/22
 31836 | Swamp:4  | Entered Level 4 of the Swamp
 32122 | Swamp:4  | Learned a level 7 spell: Dragon Form
 32122 | Swamp:4  | Noticed a fenstrider witch
 32127 | Swamp:4  | Killed a fenstrider witch
 32180 | Swamp:4  | Reached skill level 10 in Throwing
 32665 | Swamp:4  | Reached skill level 21 in Unarmed Combat
 33450 | Swamp:4  | Noticed a thorn hunter
 33830 | Swamp:4  | Noticed a thorn hunter
 33851 | Swamp:4  | Noticed a thorn hunter
 33856 | Swamp:4  | Killed a thorn hunter
 33857 | Swamp:4  | Reached XP level 17. HP: 72/144 MP: 20/23
 34295 | Swamp:4  | Found a basalt altar of Yredelemnul.
 34426 | Swamp:4  | Found a blossoming altar of Fedhas.
 34444 | Swamp:4  | Got a decaying rune of Zot
 34719 | Snake:1  | Entered Level 1 of the Snake Pit
 34912 | Snake:1  | Reached skill level 15 in Transmutations
 35149 | Snake:1  | Found a bloodstained altar of Trog.
 35216 | Snake:1  | Acquired the ring of Vyqotive {Will+ Int+6}
 35283 | Snake:1  | Found Tidaj's Book Shoppe.
 35308 | Snake:1  | Bought a manual of Dodging for 1200 gold pieces
 36287 | Snake:2  | Reached skill level 22 in Unarmed Combat
 37615 | Snake:2  | Found a runed translucent door.
 37617 | Snake:2  | Noticed Ugraummis's ghost (adept MiBe)
 39861 | Snake:3  | Acquired the +1 pair of boots "Wuemanuh" {+Inv rF++ rC-
                  | rCorr}
 39874 | Snake:4  | Entered Level 4 of the Snake Pit
 39884 | Snake:4  | Reached XP level 18. HP: 151/151 MP: 17/24
 40045 | Snake:4  | Reached skill level 1 in Evocations
 40441 | Snake:4  | Identified the +2 scimitar of Classification {vorpal, *Rage
                  | Drain rF++ Dex+8}
 40657 | Snake:4  | Noticed Aizul
 40669 | Snake:4  | Killed Aizul
 40675 | Snake:4  | Reached skill level 10 in Dodging
 41155 | Snake:4  | Reached skill level 23 in Unarmed Combat
 43794 | Snake:4  | Got a serpentine rune of Zot
 44125 | Vaults:1 | Entered Level 1 of the Vaults
 44354 | Vaults:1 | Identified the ring "Doto Vomm" {rN+++ Will- rCorr Int-2
                  | Dex+7}
 44405 | Vaults:1 | Reached skill level 5 in Evocations
 44419 | Vaults:1 | HP: 10/229 [deep troll[an ironbound preserver] (8)]
 44421 | Vaults:1 | Slain by a deep troll

Illustrated notes

Levels and vault maps discovered:
D:1:      dpeg_arrival_oval, layout_loops_ring,
          chequers_ecumenical_altar_simple_redux, minmay_misc_feat_pillars,
          chequers_arboretum, glass_columns_b, hangedman_decor_riveting,
          nicolae_concentric_dashed_squares_wild
D:2:      layout_basic, serial_shops, shop, shop_fountains, shop, shop,
          minmay_heptomino_l4, uniq_sigmund
D:3:      layout_basic, serial_shops, shop, nicolae_shop_trees,
          nicolae_shop_temple_entry_statues_fountains, nicolae_shop_hallway_plus
D:4:      layout_rooms, overflow_temple_1_default, uniq_natasha
D:5:      layout_loops_ring, nzn_wu_jian_contemplation, serial_shops, shop,
          gammafunk_ghost_cemetery
D:6:      layout_loops_corners, fedhas_altar_4
D:7:      layout_rooms, mainiacjoe_overflow_chevrons,
          minmay_temple_entry_slanted, enter_bailey_3
D:8:      layout_loops_cross, nicolae_overflow_crystal_walls,
          nicolae_ru_great_annihilating_truth, minmay_lair_entry_grove,
          roderic_lattice_a, st_stairs_12, grunt_decor_one_mirror, uniq_grum
D:9:      layout_long_grid, amcnicky_mini_pool_medium, uniq_erolcha,
          uniq_maggie, uniq_maurice
D:10:     layout_gridville, fiery_altar_vehumet, zin_academy,
          statue_in_the_mist_lemuel, uniq_joseph
D:11:     layout_grid_maze, orc_0_dummy, reono_crystal_passage,
          kennysheep_orc_sif_temple
D:12:     layout_basic, serial_shops, bzr_entry_dummy, gauntlet_entry_generic,
          uniq_azrael
D:13:     layout_basic, erik_vaults_2
D:14:     cheibrodos_magma_flow, layout_rooms, nicolae_dithmenos_shadow_blocks,
          kennysheep_generic_room_6
D:15:     grunt_enter_depths_hoard, layout_grid_maze,
          nicolae_figureground_sparkle, uniq_nessos
Lair:1:   layout_roguey, uniq_urug
Lair:2:   layout_hall_layers, serial_rivers, chequers_serial_rivers_micro_c,
          chequers_serial_rivers_marsh, chequers_serial_rivers_micro_a,
          chequers_serial_rivers_micro_e, chequers_serial_rivers_micro_c,
          uniq_harold
Lair:3:   layout_gridlike, swamp_mist, portal_ice_cave_demonic_guard,
          kennysheep_catoblepas_arena
Lair:4:   layout_regular_city, nicolae_lair_run_with_the_wolves,
          lemuel_fruit_tree, grunt_megastairs_2
Lair:5:   guppyfry_lair_end_dragon, layout_loops_ring,
          dpeg_slime_entry_enclosed, uniq_kirke
Swamp:1:  layout_falls_marsh, evilmike_swamp_ruin_house_2, lemuel_altar_in_water
Swamp:2:  nicolae_swamp_secret_spriggan_hideout, layout_falls_marsh,
          evilmike_swamp_ruin_house_3, swamp_pool1, nicolae_swamp_snake_nest
Swamp:3:  layout_falls_marsh, evilmike_swamp_ruin_rubble_2
Swamp:4:  byrel_swamp_growth_death_and_undeath, layout_basic_swamp
Snake:1:  layout_honeycomb, basic_altar, serial_shops, shop, grunt_ministairs_11
Snake:2:  layout_layer_cave, gammafunk_ghost_grave
Snake:3:  layout_misc_corridors, grunt_megastairs_1
Snake:4:  snake_pit, layout_cave_town, uniq_aizul
Orc:1:    layout_caves, serial_shops, nicolae_shop_bloodbath_and_beyond,
          nicolae_orc_rockfall, uniq_josephine
Orc:2:    st_orc_rangers, layout_caves, serial_shops, nicolae_shop_trees,
          nicolae_orc_crystal_geode, uniq_snorg
Vaults:1: hellmonk_ghost_happy_afterlife, v_alt_pattern_6,
          nicolae_vaults_ring_of_whatevers, hangedman_vaults_restitches,
          ontoclasm_vaults_idyll, ontoclasm_vaults_ring_small,
          hangedman_vaults_impose, hangedman_vaults_restitches,
          nicolae_vaults_big_ls, nicolae_vaults_shelves_hall,
          nicolae_vaults_little_squares_3, nicolae_vaults_quartermaster,
          ontoclasm_vaults_shuriken, ontoclasm_vaults_claustrophobia,
          layout_vaults_maze

Skill      XL: |  1  2  3  4  5  6  7  8  9 10 11 12 13 14 15 16 17 18 |
---------------+-------------------------------------------------------+-----
Transmutations | 3 4 5 6 10 11 14 17 18 | 18.0
Unarmed Combat | 5 6 7 9 10 11 13 14 15 17 18 20 21 22 23 | 23.3
Spellcasting   | 3 4 |  4.0
Ice Magic      | 2 5 |  5.0
Fighting       | 3 6 9 10 12 14 16 | 16.8
Dodging        | 3 7 9 13 | 13.0
Stealth        | 1 5 6 |  6.0
Throwing       | 3 8 10 | 10.0
Evocations     | 5 |  5.0

Action                   |  1- 3 |  4- 6 |  7- 9 | 10-12 | 13-15 | 16-18 || total
-------------------------+-------+-------+-------+-------+-------+-------++-------
Melee: Unarmed           |   104 |   142 |   234 |   469 |   843 |   803 ||  2595
       Headbutt          |     4 |    18 |    26 |    13 |     4 |     1 ||    66
       Punch             |     1 |     3 |     2 |    12 |    65 |   116 ||   199
       Tailslap          |       |       |       |       |     3 |    16 ||    19
       Bite              |       |       |       |       |       |     1 ||     1
Throw: Javelin           |       |       |       |       |     8 |     7 ||    15
 Cast: Beastly Appendage |    14 |    26 |    17 |    10 |     4 |     1 ||    72
       Wereblood         |     1 |     1 |     6 |     7 |     5 |       ||    20
       Spider Form       |     1 |     2 |    19 |     9 |       |       ||    31
       Ice Form          |       |       |     3 |    31 |    30 |     3 ||    67
       Blade Hands       |       |       |       |       |    51 |    79 ||   130
       Dragon Form       |       |       |       |       |       |     2 ||     2
Invok: Lunge             |       |       |    16 |    38 |   108 |   123 ||   285
       Whirlwind         |       |       |     4 |   111 |   202 |   182 ||   499
       Serpent's Lash    |       |       |       |     1 |     4 |    13 ||    18
 Abil: End Transformatio |       |       |       |     1 |     1 |     1 ||     3
Evoke: Wand              |       |       |     3 |       |       |       ||     3
  Use: Potion            |     2 |       |     3 |     3 |       |     3 ||    11
       Scroll            |       |     3 |     1 |    12 |    11 |     7 ||    34
 Stab: Sleeping          |     3 |     1 |       |     6 |    20 |     8 ||    38
       Invisible         |       |       |       |     1 |       |       ||     1
       Petrified         |       |       |       |       |     2 |       ||     2
       Distracted        |       |       |       |       |     2 |     4 ||     6
Armor: Robe              |    19 |    41 |    23 |    13 |     6 |       ||   102
       Skin              |     2 |     6 |    10 |    59 |    36 |    10 ||   123
       Leather armour    |       |       |       |       |    50 |    88 ||   138
Dodge: Dodged            |    77 |    92 |   151 |   174 |   450 |   400 ||  1344
Block: Other             |     6 |    34 |    47 |    84 |   110 |    88 ||   369
       Reflection        |       |       |     1 |     5 |    17 |    19 ||    42
